 Dungeon Crawl Stone Soup version 0.28.0-61-g67df4f89a8 (webtiles) character file.

Game seed: 17869976408736313978

45 AarnesTheHuman the Skirmisher (level 3, -1/33 HPs)
             Began as a Hill Orc Fighter on Feb 13, 2023.
             Killed by divine providence
             ... invoked by an orc priest
              (10 damage)
             ... on level 3 of the Dungeon.
             The game lasted 00:02:03 (2226 turns).

AarnesTheHuman the Skirmisher (Hill Orc Fighter)    Turns: 2226, Time: 00:02:03

Health: -1/33      AC:  7    Str: 20    XL:     3   Next: 64%
Magic:  0/3        EV:  9    Int:  8    God:
Gold:   53         SH:  6    Dex: 10    Spells: 2/2 levels left

rFire   + . .      SeeInvis .   a - +1 war axe
rCold   . . .      Faith    .   k - +2 buckler
rNeg    . . .      Spirit   +   b - +0 scale mail
rPois   .          Reflect  .   (no helmet)
rElec   .          Harm     .   (no cloak)
rCorr   .          Rampage  +   (no gloves)
Will    ++...      NoCast   +   (no boots)
Stlth   ..........              e - amulet of the Circus Animal {Spirit -Cast Rampage rF+ Will++}
HPRegen 0.11/turn               (no ring)
MPRegen 0.08/turn               (no ring)

@: no status effects
A: no striking features
a: Convert to Beogh


You were on level 3 of the Dungeon.
You visited 1 branch of the dungeon, and saw 3 of its levels.

You collected 53 gold pieces.

Inventory:

Hand Weapons
 a - a +1 war axe (weapon)
 o - a +0 dagger of venom
Missiles
 j - 14 stones (quivered)
 m - 3 silver javelins
Armour
 b - a +0 scale mail (worn)
 c - a +0 buckler
 k - a +2 buckler (worn)
Jewellery
 e - the amulet of the Circus Animal (around neck) {Spirit -Cast Rampage rF+ Will++}
   (You acquired it on level 3 of the Dungeon)

   [amulet of guardian spirit]

   It causes incoming damage to be divided between your reserves of health and
   magic.
   rF:        It protects you from fire.
   -Cast:     It prevents spellcasting.
   Rampage:   It bestows one free step when moving towards enemies.
   Will:      It greatly increases your willpower.
 g - an amulet of guardian spirit
Scrolls
 h - a scroll of fog {unknown}
 i - a scroll of fear
 n - a scroll of enchant armour {unknown}
Potions
 d - a potion of might
 f - a potion of flight {unknown}
 l - a potion of berserk rage {unknown}
 p - a potion of brilliance {unknown}


   Skills:
 + Level 4.1 Fighting
 + Level 3.4 Axes
 + Level 3.8 Armour
 + Level 3.8 Shields


You had 2 spell levels left.
You didn't know any spells.
Your spell library contained the following spells:

 Spells                   Type           Power      Damage    Failure   Level
 Static Discharge         Conj/Air       0%         N/A       94%         2
 Sublimation of Blood     Necr           0%         N/A       94%         2
 Dispel Undead            Necr           0%         3d6       100%        4
 Petrify                  Tmut/Erth      0%         N/A       100%        4
 Sticky Flame             Conj/Fire      0%         2d3       100%        4
 Irradiate                Conj/Tmut      0%         3d13      100%        5


Dungeon Overview and Level Annotations

Branches:
Dungeon (3/15)

Altars:
Elyvilon

Shops:
D:2 !


Message History

The goblin shouts!
An orc comes into view. It is wielding a +0 club.
An orc priest comes into view. It is wielding a +0 mace.
The orc shouts!
The orc priest threatens, "By the altar or by the axe, you will meet Beogh!" (press Y on the ability menu to convert to Beogh)
The orc priest shouts!
There is a stone staircase leading up here.
You climb upwards.
There is a stone staircase leading down here.
You climb downwards.
The goblin hits you but does no damage.
There is a stone staircase leading up here.
You hit the goblin.
You kill the goblin!
You closely miss the orc priest. The orc priest hits you with a +0 mace.
You hit the orc priest but do no damage.
The orc priest hits you with a +0 mace.
The orc priest shouts, "Beogh is our master!
Accept the truth or die!"
You block the orc priest's attack.
You hit the orc priest.
The orc priest is moderately wounded.
You hit the orc.
The orc is severely wounded.
You hit the orc priest.
The orc priest mumbles some strange prayers to Beogh against you.
Beogh smites you! The orc closely misses you.
You closely miss the orc priest.
The orc priest is heavily wounded.
You hit the orc.
The orc priest shouts, "Beogh is our master!
Accept the truth or die!"
The orc priest hits you with a +0 mace. The orc closely misses you.
The orc priest hits you with a +0 mace.
* * * LOW HITPOINT WARNING * * *
The orc hits you but does no damage.
You slash the orc priest!
The orc priest is almost dead.
You hit the orc. You block the orc's attack.
The orc priest calls down the wrath of Beogh upon you.
Beogh smites you!
You die...

#..# #.......... ...#
########### ........
#.## ....... ### #.#
<...oo ..# #.# ######
#....# #.#
#.#########..... #....
#.###.##.....รท..####
#...
#.#....>.#####......
#..###########.#@#.#..#
#.#####
#..............oo.....#
#.#
##.###########.#.#.#.##
#.# #.# #.#.....# #.#
#.# #.###.########.#
#.###########.#
#..........#
#.............#
############
###############


You could see an orc priest and an orc.

Vanquished Creatures
  An adder (D:2)
  3 dart slugs
  3 bats
  2 endoplasms
  A giant cockroach (D:2)
  5 goblins
  2 hobgoblins
  3 kobolds (D:2)
  3 quokkas
  A ball python (D:2)
  A frilled lizard (D:1)
  2 rats (D:2)
27 creatures vanquished.

Notes
Turn   | Place    | Note
-------+----------+-------------------------------------------
     0 | D:1      | AarnesTheHuman the Hill Orc Fighter began the quest for the
                  | Orb.
     0 | D:1      | Reached XP level 1. HP: 19/19 MP: 1/1
   217 | D:1      | Found a faded altar of an unknown god.
   373 | D:1      | Reached XP level 2. HP: 27/27 MP: 2/2
   924 | D:2      | Reached skill level 4 in Fighting
   924 | D:2      | Reached XP level 3. HP: 6/33 MP: 3/3
  1274 | D:2      | Found Xioffeur's Distillery.
  1920 | D:3      | Identified a scroll of acquirement
  1920 | D:3      | Acquired the amulet of the Circus Animal {Spirit -Cast
                  | Rampage rF+ Will++}
  1973 | D:3      | Found a white marble altar of Elyvilon.
  2226 | D:3      | Killed from afar by an orc priest

Illustrated notes

Levels and vault maps discovered:
D:1:      ncdulo_wetmaze, layout_basic, basic_ecumenical_altar
D:2:      layout_basic, serial_shops, nicolae_square_shop
D:3:      minmay_chambers_of_threes, layout_loops_ring,
          grunt_temple_overflow_open, lemuel_tele_altar

Skill      XL: |  1  2 |
---------------+-------+-----
Axes           | 3 |  3.4
Fighting       | 4 |  4.1
Armour         | |  3.8
Shields        | |  3.8

Action                   || total
-------------------------++-------
Melee: War axe           ||    96
  Use: Scroll            ||     4
Armor: Scale mail        ||    54
Dodge: Dodged            ||    39
Block: Buckler           ||    27
